 Dungeon Crawl Stone Soup version 0.18-a0-739-gdae9da8 (webtiles) character file.

1603 Raultor the Slasher (level 8, -4/62 HPs)
             Began as a Demonspawn Gladiator on Dec 10, 2015.
             Slain by an ice beast (14 damage)
             ... on level 5 of the Dungeon.
             The game lasted 00:20:14 (6573 turns).

Raultor the Slasher (Demonspawn Gladiator)          Turns: 6573, Time: 00:20:14

Health: -4/62      AC: 12    Str: 17    XL:     8   Next: 62%
Magic:  8/8        EV: 12    Int:  9    God:
Gold:   171        SH:  0    Dex: 15    Spells: 0 memorised, 7 levels left

rFire  + . .     SeeInvis .     y - +0 great sword
rCold  . . .     Clarity  .     r - +0 scale mail
rNeg   . . .     SustAt   .     (shield currently unavailable)
rPois  .         Gourm    .     c - +0 helmet
rElec  .         Spirit   .     (no cloak)
rCorr  +         Dismiss  .     (no gloves)
rMut   .         Stasis   .     (no boots)
MR     .....                    (no amulet)
Stlth  ..........               (no ring)
                                (no ring)

@: not resistant to hostile enchantments, extremely unstealthy
A: hooves 1, yellow scales 3, fire resistance 1, powered by pain 2
a: no special abilities


You were on level 5 of the Dungeon.
You were not hungry.

You visited 2 branches of the dungeon, and saw 7 of its levels.
You also visited: Ossuary.

You collected 171 gold pieces.

Inventory:

Hand Weapons
 a - a +0 long sword
 y - a +0 great sword (weapon)
   (You found it on level 5 of the Dungeon)
Missiles
 d - 4 throwing nets {=f, !d}
 f - 2 silver tomahawks (quivered)
 g - 7 curare-tipped needles
Armour
 c - a +0 helmet (worn)
 r - a +0 scale mail (worn)
   (You took it off an orc on level 3 of the Dungeon)
Scrolls
 b - 2 scrolls of fog {unknown}
 h - 6 scrolls of remove curse
 i - a scroll of recharging {unknown}
 k - a scroll of random uselessness {unknown}
 m - 7 scrolls of identify {unknown}
 p - 3 scrolls of teleportation {unknown}
 q - a scroll of enchant armour {unknown}
 s - a scroll of fear {unknown}
 u - a scroll of blinking {unknown}
 w - a scroll of immolation {unknown}
 C - a scroll of noise {unknown}
 D - a scroll of magic mapping {unknown}
Potions
 j - 2 potions of invisibility {unknown}
 o - 2 potions of mutation {unknown}
 v - 3 potions of heal wounds {unknown}
 x - a potion of curing
 z - 3 potions of haste {unknown}
 A - a potion of flight {unknown}
Books
 l - a book of Spatial Translocations
   (You found it on level 3 of the Dungeon)
Comestibles
 e - 3 bread rations {@e1}
 n - 6 fruits
 t - a meat ration {@e2}


   Skills:
 + Level 5.1 Fighting
 * Level 7.1 Long Blades
 - Level 1.7 Throwing
 + Level 4.1 Armour
 - Level 5.0 Dodging


You had 7 spell levels left.
You didn't know any spells.

Dungeon Overview and Level Annotations

Branches:
Dungeon (6/15)             Temple (1/1) D:4

Altars:
Ashenzari
Cheibriados
Elyvilon
Fedhas
Gozag
Nemelex Xobeh
Okawaru
Pakellas
Qazlal
Ru
Sif Muna
Trog
Xom
Yredelemnul
Zin

Shops:
D:6 *

Annotations:
D:6 Sigmund


Innate Abilities, Weirdness & Mutations

You have large cloven feet.
You are completely covered in yellow scales (AC +4, rCorr).
Your flesh is heat resistant.
You sometimes gain power by taking damage.


Message History

You hit the jackal skeleton. The jackal skeleton closely misses you.
The jackal skeleton bites you but does no damage.
You hit the jackal skeleton.
You destroy the jackal skeleton!
No target in view!
There is a stone staircase leading down here.
x - a potion of curing Health restored: 61 A phantom comes into view.
The phantom blinks!
You closely miss the phantom.
The phantom blinks!
The phantom blinks!
The phantom blinks!
No target in view!
No target in view!
Found a stone staircase leading down.
No target in view!
Key pressed, stopping explore.
There is a stone staircase leading down here.
The phantom barely misses you.
You slice the phantom!!
The phantom blinks!
You hit the phantom. The phantom barely misses you.
The phantom closely misses you.
You closely miss the phantom. Your kick misses the phantom.
The phantom blinks!
The phantom barely misses you.
You slash the phantom!
You destroy the phantom!
Your Fighting skill increases to level 5!
Your Armour skill increases to level 4!
No target in view!
No target in view!
There is a stone staircase leading down here.
m - 7 scrolls labeled GUIZASOA JUIN (gained 1)
Things that are here:
an uncursed shortbow; 5 poisoned arrows Health restored: 62 The sky beast misses you.
You hit the sky beast. The sky beast hits you. The sky beast shocks you.
You take 7 damage, and have 55/62 hp.
You slash the sky beast!
You kill the sky beast!
Your Long Blades skill increases to level 7!
No target in view!
You see here a sky beast corpse.
e - 3 bread rations {@e1} (gained 1) Partly explored, can't reach some items.
You regained 4 hp, and now have 59/62 hp.
Partly explored, can't reach some items.
Partly explored, can't reach some items.
There is a stone staircase leading down here.
Health restored: 62 You climb downwards.
An ice beast and a kobold come into view.
The kobold shouts!
You hear a shout!
Found 27 gold pieces and 19 exploding sling bullets.
Found Heimussi's General Store.
Found a stone staircase leading up.
There is a stone staircase leading up here.
You hit the kobold.
You kill the kobold!
Sigmund the Dreaded comes into view.
He is wielding a scythe.
Sigmund moves out of view.
The ice beast hits you. The ice beast freezes you!
You climb upwards.
There is a stone staircase leading down here.
You take 16 damage, and have 46/62 hp.
MASSIVE DAMAGE!!
Welcome back, Raultor the Demonspawn Gladiator.
You hit the ice beast.
You kick the ice beast, but do no damage.
The ice beast barely misses you.
You completely miss the ice beast.
You kick the ice beast, but do no damage.
The ice beast hits you. The ice beast freezes you!
You take 17 damage, and have 30/62 hp.
MASSIVE DAMAGE!!
You barely miss the ice beast. The ice beast closely misses you.
You slash the ice beast!
You kick the ice beast, but do no damage.
The ice beast misses you. The ice beast closely misses you.
You hit the ice beast but do no damage. Your kick misses the ice beast.
The ice beast hits you. The ice beast freezes you!
You take 11 damage, and have 19/62 hp.
You closely miss the ice beast.
You kick the ice beast, but do no damage.
The ice beast hits you but does no damage.
You barely miss the ice beast.
You kick the ice beast, but do no damage.
The ice beast hits you.
* * * LOW HITPOINT WARNING * * *
The ice beast freezes you.
* * * LOW HITPOINT WARNING * * *
You take 9 damage, and have 10/62 hp.
You closely miss the ice beast.
The ice beast hits you but does no damage.
The ice beast misses you.
You slash the ice beast!
You kick the ice beast, but do no damage.
The ice beast hits you.
* * * LOW HITPOINT WARNING * * *
The ice beast freezes you!
You die...

#.....................
#..............##.##(.
##........#....##.##(.
##......##....##.<.).
#####.###........##. #.#
##..#.#..##.
##.####....#.##..
#########Y...............
#.......@.......##.......
#.................[..##..
#........#...........##..
##########.†.............
#.####..........
#.#####........#
#.#.............
#.#...#.....##..
###.#####.....####


You could see an ice beast.

Vanquished Creatures
  The ghost of Dirtsage the Skirmisher, an amateur NaFi (Ossuary)
  3 phantoms
  An ogre (D:4)
  The ghost of Alethiolet the Covered, an amateur DsWn (D:3)
  A centaur (D:5)
  A sky beast (D:5)
  2 water moccasin zombies (Ossuary)
  A crimson imp (D:4)
  A giant frog skeleton (D:4)
  A hound (D:4)
  4 orc priests
  2 worker ants
  6 orc wizards
  2 big kobold zombies (Ossuary)
  2 mummies (Ossuary)
  9 adders
  4 gnolls (D:2)
  9 adder zombies (Ossuary)
  An ooze (D:1)
  A worm (D:4)
  2 adder skeletons (D:4)
  A giant gecko (D:2)
  23 orcs
  5 bats
  4 giant cockroaches
  5 goblins
  3 hobgoblins
  14 kobolds
  4 quokkas
  2 giant gecko skeletons (D:4)
  4 giant newts
  3 hobgoblin zombies (Ossuary)
  A jackal skeleton (D:5)
  A jackal zombie (D:5)
  5 kobold zombies (Ossuary)
  4 orc zombies (Ossuary)
  A quokka skeleton (D:4)
  13 rats
148 creatures vanquished.

Vanquished Creatures (others)
  A hobgoblin zombie (Ossuary)
  A kobold zombie (Ossuary)
2 creatures vanquished.

Grand Total: 150 creatures vanquished

Notes
Turn   | Place    | Note
--------------------------------------------------------------
     0 | D:1      | Raultor the Demonspawn Gladiator began the quest for the Orb.
     0 | D:1      | Reached XP level 1. HP: 16/16 MP: 1/1
   334 | D:1      | Reached skill level 3 in Long Blades
   491 | D:1      | Gained mutation: You are partially covered in yellow scales (AC +2). [demonic ancestry]
   491 | D:1      | Reached XP level 2. HP: 16/22 MP: 2/2
  1020 | D:2      | Gained mutation: You are mostly covered in yellow scales (AC +3). [demonic ancestry]
  1020 | D:2      | Reached XP level 3. HP: 12/27 MP: 3/3
  1027 | D:2      | HP: 6/27 [poisoned by an adder]
  1031 | D:2      | Reached skill level 3 in Dodging
  1034 | D:2      | HP: 5/27 [poisoned by an adder]
  1042 | D:2      | HP: 4/27 [poisoned by an adder]
  1338 | D:2      | Reached skill level 1 in Armour
  1420 | D:2      | Gained mutation: You have large cloven feet. [demonic ancestry]
  1420 | D:2      | Reached XP level 4. HP: 15/34 MP: 4/4
  1687 | D:2      | Found a deep blue altar of Sif Muna.
  2188 | D:3      | Noticed Alethiolet's ghost (amateur DsWn)
  2305 | D:3      | Killed Alethiolet's ghost
  2305 | D:3      | Reached skill level 4 in Long Blades
  2305 | D:3      | Reached skill level 2 in Armour
  2305 | D:3      | Gained mutation: Your flesh is heat resistant. [demonic ancestry]
  2305 | D:3      | Reached XP level 5. HP: 15/40 MP: 5/5
  2451 | D:3      | Found a sacrificial altar of Ru.
  2579 | D:3      | Reached skill level 3 in Fighting
  2595 | D:3      | Found a stormy altar of Qazlal.
  2603 | D:3      | Found a blossoming altar of Fedhas.
  2611 | D:3      | Found a basalt altar of Yredelemnul.
  2895 | D:3      | Gained mutation: You sometimes gain a little power by taking damage. [demonic ancestry]
  2895 | D:3      | Reached XP level 6. HP: 24/47 MP: 6/6
  3172 | D:3      | Found a shattered altar of Ashenzari.
  3261 | D:3      | HP: 8/47 [orc priest/nerve-wracking pain (11)]
  3268 | D:3      | HP: 9/47 [orc priest/divine providence (8)]
  3892 | D:4      | Reached skill level 5 in Long Blades
  4098 | D:4      | Gained mutation: You are completely covered in yellow scales (AC +4, rCorr). [demonic ancestry]
  4098 | D:4      | Reached XP level 7. HP: 51/53 MP: 7/7
  4179 | D:4      | Reached skill level 4 in Dodging
  4311 | D:4      | Found an opulent altar of Gozag.
  4384 | D:4      | Found an iron altar of Okawaru.
  4598 | D:4      | Reached skill level 4 in Fighting
  4794 | D:4      | Reached skill level 3 in Armour
  4853 | D:4      | Found a staircase to the Ecumenical Temple.
  4867 | Temple   | Entered the Ecumenical Temple
  5204 | D:5      | Entered Level 5 of the Dungeon
  5519 | D:5      | Found a shimmering altar of Xom.
  5547 | D:5      | Found a sand-covered staircase.
  5552 | Ossuary  | Entered an ossuary
  5557 | Ossuary  | Noticed Dirtsage's ghost (amateur NaFi)
  5710 | Ossuary  | Reached skill level 6 in Long Blades
  5876 | Ossuary  | Killed Dirtsage's ghost
  5876 | Ossuary  | Gained mutation: You sometimes gain power by taking damage. [demonic ancestry]
  5876 | Ossuary  | Reached XP level 8. HP: 49/61 MP: 8/8
  6105 | D:5      | Reached skill level 5 in Dodging
  6434 | D:5      | Reached skill level 5 in Fighting
  6434 | D:5      | Reached skill level 4 in Armour
  6524 | D:5      | Reached skill level 7 in Long Blades
  6561 | D:6      | Found Heimussi's General Store.
  6563 | D:6      | Noticed Sigmund
  6571 | D:5      | HP: 10/62 [ice beast (6)]
  6573 | D:5      | Slain by an ice beast

Vault maps used:
D:1:      minmay_arrival_arboretum_small, minivault_14
D:2:      led_sif_pool
D:3:      grunt_temple_overflow_forces_of_nature, cheibrodos_ashenzari_chains,
          overflow_temple_1_default, nicolae_ru_path_of_blood, first_bread
D:4:      kennysheep_mini_moat, kennysheep_mini, temple_hall
D:5:      lemuel_ice_spiral_2, nicolae_ossuary_entry_plus, xom_teletrap_fun
D:6:      serial_shops, nicolae_shop_window_shopping, uniq_sigmund,
          uniq_eustachio
Temple:   hc_temple_tempest_star
Ossuary:  ossuary_tomb_2

Action                   |  1- 3 |  4- 6 |  7- 9 || total
-------------------------+-------+-------+-------++-------
Melee: Long sword        |   122 |   251 |   140 ||   513
       Great sword       |       |       |   210 ||   210
  Use: Potion            |       |     3 |     2 ||     5
       Scroll            |       |       |     2 ||     2
  Eat: Chunk             |     2 |     7 |     5 ||    14
       Royal jelly       |       |     1 |       ||     1
       Beef jerky        |       |       |     2 ||     2

Vault maps used:
D:1:      minmay_arrival_arboretum_small, minivault_14
D:2:      led_sif_pool
D:3:      grunt_temple_overflow_forces_of_nature, cheibrodos_ashenzari_chains,
          overflow_temple_1_default, nicolae_ru_path_of_blood, first_bread
D:4:      kennysheep_mini_moat, kennysheep_mini, temple_hall
D:5:      lemuel_ice_spiral_2, nicolae_ossuary_entry_plus, xom_teletrap_fun
D:6:      serial_shops, nicolae_shop_window_shopping, uniq_sigmund,
          uniq_eustachio
Temple:   hc_temple_tempest_star
Ossuary:  ossuary_tomb_2

Table legend:
 A = Turns spent in this place as a percentage of turns spent in the entire game.
 B = Non-inter-level travel turns spent in this place as a percentage of non-inter-level travel turns spent in the entire game.
 C = Inter-level travel turns spent in this place as a percentage of turns spent in this place.
 D = Turns resting spent in this place as a percentage of non-inter-level travel turns spent in this place.
 E = Turns spent auto-exploring this place as a percentage of non-inter-level travel turns spent in this place.
 F = Non-inter-level travel turns spent in this place divided by the number of levels of this place that you've seen.
                   A       B       C       D       E      F
               +-------+-------+-------+-------+-------+----------------------
         Total | 100.0 | 100.0 |   0.6 |   2.7 |   8.3 | 200.6
       Dungeon |  84.9 |  84.9 |   0.6 |   2.8 |   9.2 | 227.2
        Temple |   0.8 |   0.7 |  15.4 |   0.0 |  72.7 |  11.0
       Ossuary |  14.3 |  14.4 |   0.0 |   2.2 |   0.0 | 231.0
               +-------+-------+-------+-------+-------+----------------------

Table legend:
 A = Kills in this place as a percentage of kills in entire the game.
 B = Kills by you in this place as a percentage of kills by you in the entire game.
 C = Kills by friends in this place as a percentage of kills by friends in the entire game.
 D = Other kills in this place as a percentage of other kills in the entire game.
 E = Experience gained in this place as a percentage of experience gained in the entire game.
 F = Experience gained in this place divided by the number of levels of this place that you have seen.
                   A       B       C       D       E      F
               +-------+-------+-------+-------+-------+----------------------
         Total | 100.0 | 100.0 |  -nan |  -nan | 100.0 | 286.2
       Dungeon |  82.8 |  82.8 |  -nan |  -nan |  77.9 | 297.2
       Ossuary |  17.2 |  17.2 |  -nan |  -nan |  22.1 | 507.0
               +-------+-------+-------+-------+-------+----------------------
